 Dungeon Crawl Stone Soup version 0.27-a0-412-g8dd771eca2 (webtiles) character file.

Game seed: 6535990907850934013

19 Nattfarinn the Skirmisher (level 2, 0/25 HPs)
             Began as a Formicid Abyssal Knight on Feb 24, 2021.
             Was a Follower of Lugonu.
             Slain by an adder (3 damage)
             ... on level 2 of the Dungeon.
             The game lasted 00:02:21 (651 turns).

Nattfarinn the Skirmisher (Formicid Abyssal Knight)  Turns: 651, Time: 00:02:22

Health: 0/25       AC:  3    Str: 18    XL:     2   Next: 95%
Magic:  3/3        EV: 11    Int: 11    God:    Lugonu [*.....]
Gold:   47         SH:  0    Dex:  8    Spells: 1/1 levels left

rFire    . . .     SeeInvis +   a - +1 hand axe
rCold    . . .     Faith    .   (no shield)
rNeg     . . .     Spirit   .   b - +0 leather armour
rPois    .         Reflect  .   (helmet unavailable)
rElec    .         Harm     .   (no cloak)
rCorr    .         Rampage  .   (no gloves)
Will     .....                  (no boots)
Stlth    +.........             (no amulet)
HPRegen  0.08/turn              (no ring)
MPRegen  0.08/turn              (no ring)

@: lethally poisoned (0 -> -2)
A: permanent stasis, dig shafts and tunnels, four strong arms, antennae 3, claws
1, clumsy 1, strong 1, subdued magic 1
a: Dig, Shaft Self, Renounce Religion, Depart the Abyss


You were on level 2 of the Dungeon.
You worshipped Lugonu.
Lugonu was aware of your devotion.
You visited 1 branch of the dungeon, and saw 2 of its levels.
You visited the Abyss 1 time.

You collected 47 gold pieces.

Inventory:

Hand Weapons
 a - a +1 hand axe (weapon)
Armour
 b - a +0 leather armour (worn)
Scrolls
 e - a scroll of random uselessness {unknown}
Potions
 c - a potion of mutation


   Skills:
 * Level 3.7 Fighting
 + Level 2.1 Axes
 * Level 2.7 Armour
 + Level 1.2 Dodging
 - Level 2.1 Invocations


You had one spell level left.
You didn't know any spells.
Your spell library was empty.

Dungeon Overview and Level Annotations

Branches:
Dungeon (2/15)

Altars:

Annotations:
D:2 Robin


Innate Abilities, Weirdness & Mutations

You cannot be hasted, slowed, berserked, paralysed or teleported.
You can dig through walls and to a lower floor.
Your four strong arms can wield two-handed weapons with a shield.
You have a pair of large antennae on your head. (SInv)
You have sharp fingernails.
You are clumsy. (Dex -2)
Your muscles are strong. (Str +2)
Your spells are a little easier to cast, but a little less powerful.


Message History

You kill the goblin!
Lugonu accepts your kill.
You hit the goblin.
You kill the goblin!
Lugonu accepts your kill.
Robin roars a battlecry!
The hobgoblin goes into a battle-frenzy!
The adder bites you.
You are poisoned.
The adder poisons you!
A goblin comes into view. It is wielding a +0 club.
You hit the adder.
The adder is moderately wounded.
You feel sick. The adder barely misses you. The adder bites you.
You hit the adder.
The adder is moderately wounded.
Robin roars a battlecry!
The adder barely misses you.
You hit the adder.
The adder is heavily wounded.
You hit Robin.
You feel sick. The adder barely misses you. Robin hits you with a +0 club.
The adder completely misses you.
You are too injured to fight recklessly!
It was a potion of mutation.
You feel extremely strange.
Your fingernails lengthen.
Your connection to magic feels subdued.
You feel clumsy.
You feel stronger. The adder bites you.
* * * LOW HITPOINT WARNING * * *
Robin hits you with a +0 club.
* * * LOW HITPOINT WARNING * * *
As you read the scroll labelled YNNAMN RAFO, it crumbles to dust.
You feel a strange sense of stasis.
It was a scroll of teleportation.
The adder misses you. Robin misses you.
Are you sure you want to shaft yourself?
You feel sick.
The adder barely misses you. x2; Robin hits you with a +0 club.
* * * LOW HITPOINT WARNING * * *
You begin to dig a shaft.
You continue digging a shaft.
The adder bites you.
You die...

###### ..#...#
[...... .......
....... ......w
.....?S## ##..
#@#####....#
##g#{..(....
###g.#
.#######..g#).#
..>....<.###.##
.######### .#
g# {# ##


You could see a worm, Robin, an adder, a hobgoblin (strong) and a goblin
(strong).

Vanquished Creatures
  2 dart slugs (D:1)
  2 bats (D:1)
  A giant cockroach (D:1)
  3 goblins (D:2)
  2 hobgoblins
  3 kobolds
  2 rats (D:1)
15 creatures vanquished.

Notes
Turn   | Place    | Note
-------+----------+-------------------------------------------
     0 | Abyss:1  | Nattfarinn the Formicid Abyssal Knight began the quest for
                  | the Orb.
     0 | Abyss:1  | Reached XP level 1. HP: 18/18 MP: 2/2
     0 | D:1      | Escaped the Abyss
    97 | D:1      | Reached skill level 1 in Dodging
   141 | D:1      | Reached * piety under Lugonu
   142 | D:1      | Reached XP level 2. HP: 19/24 MP: 3/3
   637 | D:2      | Noticed Robin
   648 | D:2      | Gained mutation: You have sharp fingernails. [potion of
                  | mutation]
   648 | D:2      | Gained mutation: Your spells are a little easier to cast,
                  | but a little less powerful. [potion of mutation]
   648 | D:2      | Gained mutation: You are clumsy. (Dex -2) [potion of
                  | mutation]
   648 | D:2      | Gained mutation: Your muscles are strong. (Str +2) [potion
                  | of mutation]
   651 | D:2      | Slain by an adder

Illustrated notes

Levels and vault maps discovered:
D:1:      minmay_arrival_semitransparent, layout_rooms
D:2:      layout_rooms, uniq_jessica, uniq_natasha, uniq_robin

Skill      XL: |  1 |
---------------+----+-----
Dodging        | 1 |  1.2
Fighting       | |  3.7
Axes           | |  2.1
Armour         | |  2.7
Invocations    | |  2.1

Action                   || total
-------------------------++-------
Melee: Hand axe          ||    34
Invok: Depart the Abyss  ||     1
 Abil: Dig               ||     4
       Shaft Self        ||     1
  Use: Scroll            ||     1
       Potion            ||     1
Armor: Leather armour    ||     8
Dodge: Dodged            ||    27

Table legend: (Time is in decaauts)
 A = Elapsed time spent in this place.
 B = Non-inter-level travel time spent in this place.
 C = Inter-level travel time spent in this place.
 D = Time resting spent in this place.
 E = Time spent auto-exploring this place.
 F = Levels seen in this place.
 G = Mean time per level.
                   A        B        C        D        E       F      G
               +--------+--------+--------+--------+--------+-----+--------+
         Total |    657 |    645 |     12 |    145 |    413 |   3 |  219.0 |
       Dungeon |    657 |    645 |     12 |    145 |    413 |   2 |  328.5 |
         Abyss |      0 |      0 |      0 |      0 |      0 |   1 |    0.0 |
               +--------+--------+--------+--------+--------+-----+--------+

Top non-repeatable levels by time:
     D:1: 631 daAuts
     D:2: 25 daAuts
